AoeStats
← ElEmaRnR

Arabia

510452341Analyzed
1v1 RM · 20h ago on Oct 1, 2026· 31m 4s· 2 players
Game mode
Random Map
Map size
Tiny (2 player)
Population
200
Speed
Normal
Resources
Standard
Victory
Conquest
Starting age
Dark Age
Ending age
Imperial Age
RankedLock teamsTeams togetherTeam positionsShared explorationLock speedFull tech treeHidden civsTurbo modeCheats
Victory
Defeat
🇦🇷 Bohemians · Argentina
1105
+16
🇮🇳 Mongols · India
1103
-16
Infadel
9:28 Feudal Age
8:06 Loom
9:51 Feudal Age
13:40 Double-Bit Axe
18:18 Horse Collar
24:55 Castle Age
24:35 Gold Mining
24:35 Stone Mining
26:17 Fletching
27:18 Town Watch
27:58 Elite Skirmisher
29:00 Light Cavalry
29:50 Bloodlines
29:54 Stone Mining
ElEmaRnR
7:33 Loom
9:54 Feudal Age
9:59 Man-at-Arms
11:05 Double-Bit Axe
17:29 Fletching
25:43 Castle Age
24:36 Horse Collar
26:19 Scale Mail Armor
26:09 Long Swordsman
26:16 Crossbowman
27:56 Bow Saw
27:53 Heavy Plow
Connection lost

Rejoining the realm…

Still unreachable

The connection could not be restored.

Session expired

The server has moved on; the page needs a fresh start.